[Event "Titled Tuesday Blitz December 27 Late 2022"]
[White "Moral Garcia, Serafin"]
[Black "Rengifo Blancas, Renzo Jhonathan"]
[WhiteFideId "2201925"]
[BlackFideId "3807185"]
[WhiteElo "2238"]
[BlackElo "2131"]
[Result "0-1"]
[Round "08"]
[TimeControl "180+2"]
[Date "2022.12.27"]
[WhiteClock "0:00:08"]
[BlackClock "0:00:04"]

1. e4 e5 2. Nf3 Nc6 3. Bb5 Bc5 4. O-O Nf6 5. Bxc6 dxc6 6. d3 Bg4 7. Nbd2 Qe7 8. Re1 O-O-O 9. Nf1 h5 10. Qe2 h4 11. h3 Bh5 12. Be3 Nd7 13. N1h2 Nf8 14. Rad1 Ne6 15. c3 g5 16. Bxc5 Qxc5 17. Qe3 Qxe3 18. Rxe3 f6 19. Rd2 Rd7 20. Ne1 Rhd8 21. g3 c5 22. b3 b5 23. c4 b4 24. Nc2 Nd4 25. Nxd4 Rxd4 26. g4 Bg6 27. Nf3 R4d6 28. Ne1 Kd7 29. f3 Ke7 30. Ree2 a5 31. a4 bxa3 32. Ra2 Rxd3 33. Nxd3 Rxd3 34. Rxa3 Rxf3 35. Kh2 Bf7 36. Rxa5 Kd6 37. Rd2+ Kc6 38. Rb5 Bg6 39. Rd5 Bxe4 40. Rdxc5+ Kd6 41. b4 Rg3 42. Rb8 Rg2+ 43. Kh1 Rxg4+ 44. Kh2 Rg2+ 45. Kh1 Rg3+ 46. Kh2 Bf5 47. Rd8+ Ke7 48. Rg8 Rxh3+ 49. Kg2 Rg3+ 50. Kf2 Kf7 51. Rh8 Kg7 52. Rd8 Kg6 53. Rxc7 Be4 54. b5 Rf3+ 55. Ke2 h3 56. Rh8 Rg3 57. b6 Rb3 58. c5 g4 59. Rg8+ Kf5 60. Rh7 Kf4 61. Rh6 Rb2+ 62. Kd1 f5 63. Rd8 Ke3 64. Rd2 Rb1# 0-1


[Site "https://www.chess.com"]

[Event "Titled Tuesday Blitz December 27 Late 2022"]
[White "Moskvin, Anatoly"]
[Black "Skvortsov, Andrei"]
[WhiteFideId "24199990"]
[BlackFideId "24108600"]
[WhiteElo "2189"]
[BlackElo "2313"]
[Result "0-1"]
[Round "08"]
[TimeControl "180+2"]
[Date "2022.12.27"]
[WhiteClock "0:00:01"]
[BlackClock "0:00:28"]

1. e4 e6 2. Nf3 d5 3. e5 c5 4. b4 cxb4 5. d4 Nc6 6. a3 bxa3 7. c3 Nge7 8. h4 h5 9. Bd3 Nf5 10. g3 Be7 11. Ng5 Qa5 12. Bxf5 exf5 13. Bxa3 Qb6 14. Bxe7 Nxe7 15. O-O g6 16. c4 dxc4 17. d5 Qc5 18. Nc3 Bd7 19. d6 Nc6 20. Nd5 O-O-O 21. Re1 Be6 22. Nxe6 fxe6 23. Nf4 Rhe8 24. Qa4 Nxe5 25. Rxe5 Qxe5 26. Qxc4+ Kb8 27. Qc7+ Ka8 28. Rb1 Qe4 29. d7 Qxb1+ 30. Kh2 Rg8 31. Nxe6 Qb6 32. Qe5 Rxd7 0-1


[Site "https://www.chess.com"]

[Event "Titled Tuesday Blitz December 27 Late 2022"]
[White "Movahed, Sina"]
[Black "Bok, Benjamin"]
[WhiteFideId "42520835"]
[BlackFideId "1017063"]
[WhiteElo "2340"]
[BlackElo "2607"]
[Result "1-0"]
[Round "08"]
[TimeControl "180+2"]
[Date "2022.12.27"]
[WhiteClock "0:00:13"]
[BlackClock "0:00:05"]

1. e4 c5 2. Nf3 d6 3. d4 cxd4 4. Nxd4 Nf6 5. Nc3 a6 6. Bg5 Nbd7 7. Bc4 Qb6 8. Bb3 e6 9. Qd2 Be7 10. O-O-O Nc5 11. f3 Qc7 12. g4 b5 13. Kb1 Rb8 14. Rhe1 Bd7 15. Nf5 exf5 16. exf5 Nxb3 17. axb3 Bc6 18. Bxf6 gxf6 19. g5 Kf8 20. Qd4 Qd8 21. f4 Rg8 22. h4 b4 23. Ne2 Rb5 24. Ng3 a5 25. Qe3 h6 26. gxh6 Rh8 27. Rg1 Rxh6 28. Ne2 Rh8 29. Nd4 Rc5 30. h5 Bb7 31. Rde1 Ke8 32. Rg7 Rf8 33. h6 Kd7 34. Ne6 fxe6 35. Qxe6+ Kc6 36. Rxe7 Kb6 37. Rd7 Qc8 38. Qxd6+ Rc6 39. Qd4+ Ka6 40. Ree7 Rg8 41. Rxb7 Qxb7 42. Rxb7 Kxb7 43. h7 Rh8 44. Qd7+ Rc7 45. Qd5+ Kb6 46. Qd6+ Kb7 47. Qxf6 Rhxh7 48. Qe5 Kb6 49. f6 Rhf7 50. f5 Rc6 51. Qd4+ Ka6 52. Qd3+ Kb6 53. Qe3+ Ka6 54. Qe2+ Kb6 55. c4 Rcxf6 56. Qf2+ Ka6 57. Qc5 Rxf5 58. Qc6+ Ka7 59. c5 Rb7 60. Qd6 Rg7 61. Ka2 Rb7 62. c6 Rb6 63. Qd7+ Ka6 64. Qc8+ Kb5 65. Qxf5+ Kxc6 66. Qxa5 Rb5 67. Qa4 Kb6 68. Kb1 Kc5 69. Kc2 Rb6 70. Qa7 Kb5 71. Kd3 Rd6+ 72. Ke4 Rc6 73. Kd5 Rc2 74. Qa4+ 1-0


[Site "https://www.chess.com"]

[Event "Titled Tuesday Blitz December 27 Late 2022"]
[White "Msellek, Ilyass"]
[Black "Gasanov, Eldar"]
[WhiteFideId "675938"]
[BlackFideId "14104466"]
[WhiteElo "2420"]
[BlackElo "2481"]
[Result "0-1"]
[Round "08"]
[TimeControl "180+2"]
[Date "2022.12.27"]
[WhiteClock "0:00:05"]
[BlackClock "0:00:26"]

1. d4 d6 2. Nf3 Bg4 3. Qd3 Nd7 4. h3 Bh5 5. c3 Ngf6 6. Bg5 e5 7. Nbd2 Be7 8. Nh4 h6 9. Bxf6 Bxf6 10. Nf5 d5 11. dxe5 Nxe5 12. Qb5+ Qd7 13. Qxd7+ Kxd7 14. e4 Rhe8 15. g4 Bg6 16. O-O-O Bg5 17. Kc2 dxe4 18. Nxe4+ Kc6 19. Bg2 Kb6 20. Rd4 Nc6 21. Rd5 Rad8 22. Rhd1 Rxd5 23. Rxd5 Ne7 24. Re5 Bxf5 25. gxf5 Bf4 26. Rc5 Bd6 27. Nxd6 cxd6 28. Rc4 d5 29. Rb4+ Kc7 30. c4 Nxf5 31. Bxd5 b6 32. Bxf7 Re2+ 33. Kd3 Rxf2 34. Bd5 g5 35. Ra4 a5 36. b4 axb4 37. Rxb4 Rxa2 38. c5 Ra3+ 39. Ke4 Ng3+ 40. Ke5 Re3+ 41. Kd4 Nf5+ 42. Kc4 bxc5 43. Rb7+ Kd6 44. Rb6+ Ke5 45. Kxc5 Rc3+ 46. Bc4 Ne3 47. Re6+ Kf4 48. Rf6+ Kg3 49. Kd4 Rxc4+ 50. Kxe3 Rh4 51. Rf3+ Kg2 52. Rf6 Kxh3 53. Ke2 Kg3 54. Kf1 Rh1+ 55. Ke2 g4 56. Ke3 h5 57. Rg6 h4 58. Rb6 h3 59. Rb3 Rf1 60. Ke2+ Rf3 61. Rb1 h2 62. Rb8 Kg2 63. Rh8 Rh3 64. Rg8 h1=Q 65. Rxg4+ Rg3 66. Rxg3+ Kxg3 0-1


[Site "https://www.chess.com"]

[Event "Titled Tuesday Blitz December 27 Late 2022"]
[White "Orzech, Dominik"]
[Black "Ibadov, Dashgyn"]
[WhiteFideId "1115065"]
[BlackFideId "24107514"]
[WhiteElo "2308"]
[BlackElo "2391"]
[Result "0-1"]
[Round "08"]
[TimeControl "180+2"]
[Date "2022.12.27"]
[WhiteClock "0:02:16"]
[BlackClock "0:01:06"]

1. Nf3 d5 2. c4 d4 3. g3 Nc6 4. Bg2 e5 5. O-O Nf6 6. d3 Be7 7. b4 Bxb4 8. Nxe5 Nxe5 9. Qa4+ Nc6 10. Bxc6+ bxc6 11. Qxb4 Qd6 12. c5 Qd5 13. Re1 Bh3 14. e4 dxe3 15. Rxe3+ Kd7 16. f3 Rae8 17. Nc3 Rxe3 18. Nxd5 Nxd5 19. Qh4 Re1+ 20. Kf2 Rf1+ 21. Ke2 Re8+ 22. Kd2 Rf2+ 23. Kd1 Nc3# 0-1


[Site "https://www.chess.com"]

[Event "Titled Tuesday Blitz December 27 Late 2022"]
[White "Petrovic, Aleksa"]
[Black "Ai, Evan"]
[WhiteFideId "967629"]
[BlackFideId "2094770"]
[WhiteElo "2332"]
[BlackElo "2055"]
[Result "1-0"]
[Round "08"]
[TimeControl "180+2"]
[Date "2022.12.27"]
[WhiteClock "0:01:04"]
[BlackClock "0:00:04"]

1. d4 Nf6 2. c4 e6 3. Nf3 b6 4. g3 Bb7 5. Bg2 Be7 6. O-O O-O 7. Nc3 Ne4 8. Nxe4 Bxe4 9. Ne1 Bxg2 10. Nxg2 d5 11. Qa4 Qd7 12. Qxd7 Nxd7 13. cxd5 exd5 14. Bf4 c5 15. dxc5 bxc5 16. Rfd1 Nf6 17. Ne3 Rfd8 18. Be5 d4 19. Nf5 Bf8 20. Bxf6 gxf6 21. Rac1 Rac8 22. Rc4 Rb8 23. b3 h5 24. Nh4 Kh7 25. Ng2 Kh6 26. Nf4 Bd6 27. Nd3 Rb5 28. Rdc1 Ra5 29. R1c2 Re8 30. Kg2 Kg6 31. Kf3 Rc8 32. h4 Kf5 33. b4 Ra3 34. bxc5 Be5 35. c6 Rc3 36. R2xc3 dxc3 37. Nxe5 fxe5 38. Rxc3 Ke6 39. c7 f5 40. e4 fxe4+ 41. Kxe4 Kd6 42. f3 1-0


[Site "https://www.chess.com"]

[Event "Titled Tuesday Blitz December 27 Late 2022"]
[White "Popilski, Gil"]
[Black "Makarian, Rudik"]
[WhiteFideId "2809060"]
[BlackFideId "44105681"]
[WhiteElo "2443"]
[BlackElo "2545"]
[Result "0-1"]
[Round "08"]
[TimeControl "180+2"]
[Date "2022.12.27"]
[WhiteClock "0:01:27"]
[BlackClock "0:01:33"]

1. d4 Nf6 2. c4 g6 3. g3 Bg7 4. Bg2 c5 5. d5 O-O 6. Nc3 e6 7. Nf3 exd5 8. cxd5 d6 9. O-O Re8 10. h3 a6 11. a4 Ne4 12. Nxe4 Rxe4 13. Nd2 Rb4 14. Qc2 Nd7 15. Ne4 Nf6 16. Nc3 Bd7 17. b3 b5 18. Na2 Bf5 19. Qd1 Rd4 20. Qe1 bxa4 21. Bb2 axb3 22. Bxd4 cxd4 23. Nb4 b2 24. Rb1 Bxb1 25. Qxb1 a5 26. Nc6 Qb6 27. Qa2 a4 0-1


[Site "https://www.chess.com"]

[Event "Titled Tuesday Blitz December 27 Late 2022"]
[White "Prieto Aranguren, Alain"]
[Black "Gasparyan, David"]
[WhiteFideId "2268906"]
[BlackFideId "13311980"]
[WhiteElo "2258"]
[BlackElo "2142"]
[Result "1-0"]
[Round "08"]
[TimeControl "180+2"]
[Date "2022.12.27"]
[WhiteClock "0:00:17"]
[BlackClock "0:00:13"]

1. e4 Nc6 2. Nf3 Nf6 3. Bd3 e5 4. O-O Be7 5. Re1 O-O 6. c3 d5 7. exd5 Qxd5 8. Qc2 Bg4 9. Ng5 g6 10. Ne4 Nh5 11. Ng3 Nxg3 12. hxg3 f5 13. Na3 Kg7 14. Bc4 Qd7 15. d3 a6 16. Bb3 Rad8 17. Nc4 Bf6 18. Ne3 f4 19. Nd5 fxg3 20. fxg3 Qf5 21. Rf1 Qh5 22. Nxf6 Rxf6 23. Rxf6 Kxf6 24. Be3 Be2 25. d4 exd4 26. cxd4 Rd7 27. Re1 Bg4 28. Qc3 Ke7 29. Bg5+ Kf8 30. Qc5+ Rd6 31. Rf1+ Kg7 32. Rf7+ Kg8 33. Rxc7+ Re6 34. Bxe6+ Bxe6 35. Qd6 Qd1+ 36. Kh2 Qh5+ 37. Bh4 Qf5 38. Rxb7 Bf7 39. Qxc6 g5 40. Qf3 Qg6 41. Qxf7+ Qxf7 42. Rxf7 Kxf7 43. Bxg5 Ke6 44. Bf4 Kd5 45. Be5 Ke4 46. Kh3 Kf5 47. Kh4 a5 48. Kh5 a4 49. a3 Ke4 50. Kh6 Kd3 51. Kxh7 Kc2 52. d5 Kd3 53. Bc3 Ke4 54. d6 Kf5 55. d7 Kg4 56. d8=Q Kf5 57. Qf8+ Ke4 58. g4 Kd3 59. g5 Kc4 60. g6 Kd5 61. g7 Kc4 62. g8=Q+ Kd3 63. Qf3+ Kc2 64. Qe2+ Kb1 65. Qd1# 1-0


[Site "https://www.chess.com"]

[Event "Titled Tuesday Blitz December 27 Late 2022"]
[White "Przybylski, Wojciech"]
[Black "Mushini Ajay"]
[WhiteFideId "1117599"]
[BlackFideId "35066188"]
[WhiteElo "2321"]
[BlackElo "2310"]
[Result "0-1"]
[Round "08"]
[TimeControl "180+2"]
[Date "2022.12.27"]
[WhiteClock "0:00:04"]
[BlackClock "0:00:30"]

1. e4 e6 2. d4 d5 3. Nc3 Bb4 4. a3 Bxc3+ 5. bxc3 dxe4 6. Qg4 Nf6 7. Qxg7 Rg8 8. Qh6 Rg6 9. Qe3 Nc6 10. Ne2 e5 11. h3 Be6 12. g4 h5 13. g5 Nd5 14. Qxe4 Qd7 15. Bg2 O-O-O 16. c4 Nc3 17. Nxc3 exd4 18. Nb5 Bxc4 19. Nxa7+ Kb8 20. Nxc6+ Rxc6 21. Kd1 d3 22. Be3 dxc2+ 23. Kc1 Qd1+ 24. Kb2 Rb6+ 25. Bxb6 c1=Q+ 26. Rxc1 Rd2+ 27. Kc3 Rd3+ 28. Kxc4 Qb3+ 29. Kc5 cxb6# 0-1


[Site "https://www.chess.com"]

[Event "Titled Tuesday Blitz December 27 Late 2022"]
[White "Ptacnikova, Lenka"]
[Black "Eggleston, Thomas A"]
[WhiteFideId "305650"]
[BlackFideId "412139"]
[WhiteElo "2099"]
[BlackElo "2215"]
[Result "1-0"]
[Round "08"]
[TimeControl "180+2"]
[Date "2022.12.27"]
[WhiteClock "0:00:25"]
[BlackClock "0:00:01"]

1. d4 e6 2. e4 d5 3. Nd2 c5 4. exd5 exd5 5. Ngf3 Nf6 6. Bb5+ Bd7 7. Bxd7+ Nbxd7 8. O-O Be7 9. dxc5 Nxc5 10. Nd4 Nfe4 11. Nf5 Bf6 12. c3 O-O 13. Nf3 Re8 14. Be3 Rc8 15. Bd4 g6 16. Bxf6 Qxf6 17. Ne3 Rcd8 18. Nxd5 Qd6 19. c4 a5 20. Qc2 h5 21. h3 b5 22. Rad1 bxc4 23. Qxc4 Qb8 24. b3 Re6 25. Nc3 Nxc3 26. Qxc3 Rc8 27. Qxa5 Ra6 28. Qd2 Ne4 29. Qb2 Nc3 30. Ra1 Rf6 31. Nd4 Qe5 32. Qd2 Rd6 33. Nf3 Ne2+ 34. Kh1 Rxd2 35. Nxe5 Rb2 36. Nc4 Rc2 37. Ne3 1-0


[Site "https://www.chess.com"]

[Event "Titled Tuesday Blitz December 27 Late 2022"]
[White "Quinones Garcia, Santiago"]
[Black "Bjelobrk, Igor"]
[WhiteFideId "4408497"]
[BlackFideId "4300726"]
[WhiteElo "2248"]
[BlackElo "2403"]
[Result "1-0"]
[Round "08"]
[TimeControl "180+2"]
[Date "2022.12.27"]
[WhiteClock "0:01:44"]
[BlackClock "0:00:13"]

1. d4 d5 2. c4 c6 3. Nf3 Nf6 4. e3 Bf5 5. Nc3 a6 6. Be2 h6 7. O-O e6 8. b3 Nbd7 9. Bb2 Be7 10. Ne5 Nxe5 11. dxe5 Nd7 12. f4 Qb6 13. Qd2 Bc5 14. Nd1 dxc4 15. Bxc4 Rd8 16. Qe2 Qa7 17. a4 O-O 18. Kh1 Nb6 19. e4 Nxc4 20. Qxc4 Bg4 21. h3 b5 22. Qc2 Bxd1 23. Raxd1 bxa4 24. bxa4 Be3 25. f5 Rxd1 26. Rxd1 Bd4 27. Bxd4 Qd7 28. Bc5 1-0


[Site "https://www.chess.com"]

[Event "Titled Tuesday Blitz December 27 Late 2022"]
[White "Rangel, Daniel"]
[Black "Kopacz, Grzegorz"]
[WhiteFideId "2124475"]
[BlackFideId "1109880"]
[WhiteElo "2207"]
[BlackElo "1997"]
[Result "1-0"]
[Round "08"]
[TimeControl "180+2"]
[Date "2022.12.27"]
[WhiteClock "0:02:22"]
[BlackClock "0:00:44"]

1. e4 e6 2. d4 d5 3. Nd2 Nf6 4. Bd3 dxe4 5. Nxe4 Nxe4 6. Bxe4 g6 7. Nf3 Bg7 8. Bg5 Qd7 9. Qe2 O-O 10. O-O-O Qa4 11. Kb1 Nc6 12. c3 Bd7 13. h4 b5 14. h5 b4 15. b3 Qa3 16. c4 f5 17. Bc2 a5 18. Bc1 a4 19. Bxa3 bxa3 20. hxg6 hxg6 21. Ng5 axb3 22. Bxb3 Nxd4 23. Rxd4 Bxd4 24. Nxe6 1-0


[Site "https://www.chess.com"]

[Event "Titled Tuesday Blitz December 27 Late 2022"]
[White "Rasulov, Vugar"]
[Black "Jaracz, Pawel"]
[WhiteFideId "13402390"]
[BlackFideId "1102222"]
[WhiteElo "2523"]
[BlackElo "2467"]
[Result "1-0"]
[Round "08"]
[TimeControl "180+2"]
[Date "2022.12.27"]
[WhiteClock "0:00:20"]
[BlackClock "0:00:10"]

1. e4 c6 2. d4 d5 3. exd5 cxd5 4. Bd3 Nc6 5. c3 Nf6 6. Bf4 Bg4 7. Qb3 Qc8 8. Nd2 e6 9. Ngf3 Be7 10. O-O Bh5 11. Ne5 Bg6 12. Nxg6 hxg6 13. h3 O-O 14. Rfe1 a6 15. a4 Nh5 16. Bh2 Bg5 17. Nf3 Bf4 18. Bxf4 Nxf4 19. Bf1 Qc7 20. Qa3 Rfb8 21. a5 Nh5 22. b4 Nf6 23. Bd3 Rc8 24. Rac1 Qd6 25. Qb2 Rc7 26. Ne5 Rac8 27. g3 Na7 28. Re3 Ne8 29. Rce1 Qd8 30. Nxf7 Kxf7 31. Rxe6 Nf6 32. Qb1 Rxc3 33. Bxg6+ Kf8 34. Kg2 R3c6 35. Qf5 Rxe6 36. Rxe6 Nc6 37. Qf4 Qc7 38. Rxf6+ gxf6 39. Qxf6+ Kg8 40. Bf5 Re8 41. Be6+ Kh7 42. Qf5+ Kg7 43. Qg5+ Kf8 44. Qf6+ 1-0


[Site "https://www.chess.com"]

[Event "Titled Tuesday Blitz December 27 Late 2022"]
[White "Remolar Gallen, Jose"]
[Black "Jones, Gawain C B"]
[WhiteFideId "2215187"]
[BlackFideId "409561"]
[WhiteElo "2285"]
[BlackElo "2618"]
[Result "1/2-1/2"]
[Round "08"]
[TimeControl "180+2"]
[Date "2022.12.27"]
[WhiteClock "0:00:06"]
[BlackClock "0:00:02"]

1. d4 d5 2. c4 c6 3. Nc3 e6 4. Nf3 f5 5. Bf4 Nf6 6. e3 Bd6 7. Bxd6 Qxd6 8. Be2 O-O 9. O-O Nbd7 10. Rb1 a5 11. a3 Kh8 12. Qc2 Ne4 13. b4 axb4 14. axb4 Ra3 15. Rb3 Rxb3 16. Qxb3 f4 17. exf4 Rxf4 18. c5 Qf8 19. Nd1 g5 20. Qe3 g4 21. Ne1 e5 22. Nd3 Rf5 23. Bxg4 exd4 24. Qxd4+ Qf6 25. Qxf6+ Rxf6 26. Re1 Ndxc5 27. bxc5 Bxg4 28. f3 Bxf3 29. gxf3 Rxf3 30. Re3 Rxe3 31. Nxe3 Kg7 32. Kg2 Kf6 33. Kf3 Ng5+ 34. Kg4 Ne6 35. h4 Kg6 36. Nf4+ Kf6 37. Nxe6 Kxe6 38. Kf4 d4 39. Nc4 Kd5 40. Nd6 b5 41. Ne4 b4 42. Nd2 Kxc5 43. Ke4 h5 44. Ke5 d3 45. Ke4 b3 46. Nxb3+ Kc4 47. Nd2+ Kc3 48. Ke3 c5 49. Ne4+ Kc2 50. Nd2 Kc3 51. Ne4+ Kc4 52. Nd2+ Kd5 53. Kxd3 Ke5 54. Kc4 Kf4 55. Kxc5 Kg4 56. Kd4 Kxh4 57. Ke3 Kg3 58. Ne4+ Kg2 59. Nf2 h4 60. Ke2 Kg3 61. Ke3 Kg2 62. Ke2 Kg3 63. Ke3 h3 64. Nxh3 1/2-1/2


[Site "https://www.chess.com"]

[Event "Titled Tuesday Blitz December 27 Late 2022"]
[White "Rodriguez Fontecha, Marcos"]
[Black "Vovk, Orest"]
[WhiteFideId "2256576"]
[BlackFideId "14113490"]
[WhiteElo "2309"]
[BlackElo "2315"]
[Result "1-0"]
[Round "08"]
[TimeControl "180+2"]
[Date "2022.12.27"]
[WhiteClock "0:00:06"]
[BlackClock "0:00:07"]

1. Nf3 h6 2. h4 Nf6 3. d4 c5 4. d5 d6 5. Nc3 Bg4 6. e4 Nbd7 7. Be2 g6 8. Nd2 Bxe2 9. Qxe2 Bg7 10. Nc4 O-O 11. a4 a6 12. a5 b5 13. axb6 Nxb6 14. Kf1 Nxc4 15. Qxc4 Ng4 16. Rh3 f5 17. exf5 Ne5 18. Qe2 Rxf5 19. Ne4 Qd7 20. Rxa6 Raf8 21. Kg1 c4 22. Raa3 Qb5 23. Qd1 Kh7 24. h5 g5 25. Rhg3 Qb6 26. Rae3 Nd7 27. c3 Be5 28. Rgf3 Bf4 29. Re2 Ne5 30. Rxf4 gxf4 31. Rc2 Nd3 32. Kf1 Rxd5 33. Qg4 Ne5 34. Qe6 Qb7 35. Rd2 Rxd2 36. Nxd2 Rf6 37. Qh3 Nd3 38. f3 Nxc1 39. Ne4 Nd3 40. Nxf6+ exf6 41. Qf5+ Kh8 42. Qxf6+ Qg7 43. Qxd6 Qe5 44. Qxh6+ Kg8 45. Qg6+ Kf8 46. Qh6+ Ke7 47. Qh7+ Kd6 48. Qg6+ Kc5 49. Qe4 Qxh5 50. Qd4+ Kb5 51. Qd7+ Kb6 52. Qd8+ Kc6 53. Qc8+ Kd6 54. Qxc4 Qh1+ 55. Ke2 Nc1+ 56. Kd2 Qg1 57. Qxf4+ Kc6 58. Qe4+ Kb5 59. Qd5+ Ka6 60. Qe6+ Kb7 61. Qd7+ Kb6 62. Qd4+ Qxd4+ 63. cxd4 Nb3+ 64. Kc3 Na5 65. d5 Kc5 66. b4+ 1-0


[Site "https://www.chess.com"]

[Event "Titled Tuesday Blitz December 27 Late 2022"]
[White "Rose, Felix"]
[Black "Gatterer, Florian"]
[WhiteFideId "5105722"]
[BlackFideId "811688"]
[WhiteElo "2091"]
[BlackElo "2170"]
[Result "1-0"]
[Round "08"]
[TimeControl "180+2"]
[Date "2022.12.27"]
[WhiteClock "0:00:58"]
[BlackClock "0:00:07"]

1. d4 Nf6 2. Nc3 d5 3. Bf4 e6 4. Nb5 Na6 5. e3 Be7 6. Nf3 O-O 7. h4 c6 8. Nc3 Nb8 9. h5 h6 10. Ne5 Nbd7 11. Bd3 Nxe5 12. dxe5 Nd7 13. g4 c5 14. Qf3 c4 15. Be2 Nc5 16. O-O-O b5 17. Nxb5 Bd7 18. Nc3 Rb8 19. Rdg1 Rxb2 20. Kxb2 Qa5 21. e4 d4 22. Bxc4 dxc3+ 23. Ka1 Qb4 24. Bb3 Na4 25. g5 Nc5 26. gxh6 Nxb3+ 27. cxb3 Qd4 28. Rxg7+ Kh8 29. Be3 Qd3 30. Qg3 Ba3 31. Rh7+ Kxh7 32. Qg7# 1-0


[Site "https://www.chess.com"]

[Event "Titled Tuesday Blitz December 27 Late 2022"]
[White "Rustemov, Alexander"]
[Black "Bortnyk, Olexandr"]
[WhiteFideId "4119002"]
[BlackFideId "14120828"]
[WhiteElo "2525"]
[BlackElo "2605"]
[Result "0-1"]
[Round "08"]
[TimeControl "180+2"]
[Date "2022.12.27"]
[WhiteClock "0:00:07"]
[BlackClock "0:00:03"]

1. d4 g6 2. c4 Bg7 3. Nf3 c5 4. d5 d6 5. e4 f5 6. exf5 Bxf5 7. Bd3 Bg4 8. h3 Bxf3 9. Qxf3 Nf6 10. Nc3 O-O 11. Qe2 Na6 12. O-O Nc7 13. Re1 Qd7 14. Bg5 Rae8 15. Qd2 e5 16. dxe6 Nxe6 17. Bxf6 Bxf6 18. Nd5 Bd4 19. Re2 Nc7 20. Rxe8 Nxe8 21. Rf1 Nf6 22. Nxf6+ Rxf6 23. Be4 Kg7 24. b3 b5 25. Bd5 b4 26. Kh2 h5 27. g3 h4 28. Qe2 a5 29. Kg2 Qf5 30. Qe4 Qxe4+ 31. Bxe4 Re6 32. Re1 hxg3 33. fxg3 Re7 34. Re2 Ra7 35. Bc6 Be5 36. h4 Ra6 37. Bb5 Rb6 38. Bd7 Rb7 39. Bc6 Rc7 40. Bd5 Ra7 41. g4 a4 42. Re3 g5 43. h5 axb3 44. axb3 Ra2+ 45. Kf1 Rb2 46. Rf3 Bf4 47. Rxf4 gxf4 48. g5 Rxb3 49. h6+ Kg6 0-1


[Site "https://www.chess.com"]

[Event "Titled Tuesday Blitz December 27 Late 2022"]
[White "Samsonkin, Artiom"]
[Black "Wu, Brandon"]
[WhiteFideId "13503111"]
[BlackFideId "30909228"]
[WhiteElo "2420"]
[BlackElo "2123"]
[Result "1-0"]
[Round "08"]
[TimeControl "180+2"]
[Date "2022.12.27"]
[WhiteClock "0:00:30"]
[BlackClock "0:00:21"]

1. d4 Nf6 2. Bf4 c5 3. dxc5 Nc6 4. Nf3 Qa5+ 5. Nc3 Qxc5 6. e4 d6 7. Bd3 g6 8. O-O Bg7 9. h3 O-O 10. Qd2 Rd8 11. Be3 Qa5 12. Nd4 Nxd4 13. Bxd4 Qb4 14. Be3 Be6 15. a3 Qa5 16. f4 Rac8 17. Rad1 a6 18. Qf2 Bc4 19. Bb6 Qh5 20. Bxd8 Bxd3 21. Rxd3 Rxd8 22. e5 Ne8 23. Nd5 Kf8 24. Nb6 Qf5 25. Rfd1 Qe4 26. Rd4 Qc6 27. Nc4 b5 28. Na5 Qc7 29. Nb3 a5 30. Rd5 a4 31. Nd4 dxe5 32. Rxd8 Qxd8 33. Ne6+ fxe6 34. Rxd8 e4 35. Qe2 Kf7 36. Qxb5 Nf6 37. Qxa4 e3 38. Kf1 Nd5 39. Rxd5 exd5 40. Ke2 d4 41. Qc4+ 1-0


[Site "https://www.chess.com"]

[Event "Titled Tuesday Blitz December 27 Late 2022"]
[White "Sanchez, Robert"]
[Black "Pinheiro, Iung Alicio de O."]
[WhiteFideId "2034360"]
[BlackFideId "2104350"]
[WhiteElo "1966"]
[BlackElo "2306"]
[Result "0-1"]
[Round "08"]
[TimeControl "180+2"]
[Date "2022.12.27"]
[WhiteClock "0:00:14"]
[BlackClock "0:00:14"]

1. e4 c5 2. Nf3 Nc6 3. d4 cxd4 4. Nxd4 e5 5. Nb5 d6 6. N1c3 a6 7. Na3 b5 8. Nd5 Nge7 9. c3 Nxd5 10. exd5 Ne7 11. Be2 g6 12. O-O Bg7 13. c4 O-O 14. Be3 Nf5 15. cxb5 Nxe3 16. fxe3 Bh6 17. e4 axb5 18. Nxb5 f5 19. a4 Be3+ 20. Kh1 Qh4 21. Rf3 f4 22. Nxd6 Bd7 23. Nc4 Bd4 24. d6 g5 25. Nxe5 g4 26. Qxd4 gxf3 27. Bxf3 Be6 28. Nc6 Rf6 29. Ne7+ Kf7 30. Rc1 Rh6 31. Rc7 Qxh2# 0-1


[Site "https://www.chess.com"]

[Event "Titled Tuesday Blitz December 27 Late 2022"]
[White "Schmidt, Harald"]
[Black "Della Corte, Alessandro"]
[WhiteFideId "4648358"]
[BlackFideId "813540"]
[WhiteElo "2347"]
[BlackElo "2160"]
[Result "1-0"]
[Round "08"]
[TimeControl "180+2"]
[Date "2022.12.27"]
[WhiteClock "0:00:54"]
[BlackClock "0:01:13"]

1. e4 c5 2. Nf3 d6 3. c3 Nf6 4. h3 Nc6 5. Bd3 e6 6. Bc2 Be7 7. d4 cxd4 8. cxd4 O-O 9. Nc3 b6 10. O-O Ba6 11. Re1 Nb4 12. Bb1 Rc8 13. a3 Nc6 14. b4 Bc4 15. Bb2 b5 16. d5 Ne5 17. dxe6 fxe6 18. Nxe5 dxe5 19. Ba2 Qd4 20. Bxc4 bxc4 21. Qe2 Qd3 22. Rad1 Qxe2 23. Rxe2 Rfd8 24. Red2 a5 25. Rxd8+ Rxd8 26. Rxd8+ Bxd8 27. b5 Kf7 28. Kf1 Ke8 29. Na4 Nxe4 30. Bxe5 g6 31. Ke2 Kd7 32. f3 Nd6 33. Nc5+ Ke7 34. Bxd6+ Kxd6 35. Nb7+ Kc7 36. Nxd8 Kxd8 37. Kd2 Kc7 38. Kc3 Kb6 39. Kxc4 e5 40. a4 1-0


[Site "https://www.chess.com"]

[Event "Titled Tuesday Blitz December 27 Late 2022"]
[White "Shapiro, Daniel"]
[Black "Bochnicka, Vladimir"]
[WhiteFideId "2001780"]
[BlackFideId "14943450"]
[WhiteElo "2284"]
[BlackElo "2327"]
[Result "0-1"]
[Round "08"]
[TimeControl "180+2"]
[Date "2022.12.27"]
[WhiteClock "0:00:22"]
[BlackClock "0:00:47"]

1. d4 Nf6 2. c4 g6 3. Nc3 Bg7 4. e4 d6 5. Be2 O-O 6. Nf3 e5 7. O-O Nc6 8. d5 Ne7 9. a4 a5 10. b3 Nd7 11. Ne1 f5 12. f3 f4 13. Ba3 b6 14. b4 g5 15. bxa5 Rxa5 16. Bb4 Ra8 17. a5 bxa5 18. Bxa5 Ng6 19. Nb5 Rxa5 20. Rxa5 Nf6 21. Ra7 Rf7 22. Qa4 g4 23. Qa5 Ne8 24. Nd3 g3 25. Rb1 Qh4 26. h3 Bxh3 27. Bf1 Bd7 0-1


[Site "https://www.chess.com"]

[Event "Titled Tuesday Blitz December 27 Late 2022"]
[White "Silva, Miguel Antonio Neto"]
[Black "Fernandez, Maria Florencia"]
[WhiteFideId "1911929"]
[BlackFideId "116459"]
[WhiteElo "2204"]
[BlackElo "2129"]
[Result "1/2-1/2"]
[Round "08"]
[TimeControl "180+2"]
[Date "2022.12.27"]
[WhiteClock "0:00:14"]
[BlackClock "0:00:03"]

1. Nf3 Nf6 2. c4 g6 3. g3 Bg7 4. Bg2 O-O 5. O-O d6 6. Nc3 Nc6 7. d3 e5 8. Bg5 h6 9. Bxf6 Bxf6 10. Rb1 Bg7 11. b4 f5 12. Nd2 g5 13. b5 Ne7 14. a4 f4 15. a5 g4 16. a6 Rb8 17. axb7 Bxb7 18. Nde4 Nf5 19. Ra1 Nd4 20. Rxa7 f3 21. exf3 Nxf3+ 22. Bxf3 gxf3 23. Rxb7 Rxb7 24. Re1 Ra7 25. Re3 Qa8 26. Nd2 Ra1 27. Ncb1 Qa2 28. Rxf3 Rxf3 29. Qxf3 Qxd2 30. Qf5 Rxb1+ 31. Kg2 Qg5 32. Qe4 Qe7 33. d4 Ra1 34. c5 dxc5 35. Qd5+ Kh8 36. dxc5 Rc1 37. b6 cxb6 38. cxb6 Rb1 39. Qa8+ Kh7 40. Qe4+ Kh8 41. Qxb1 Qb7+ 42. f3 Bf6 43. Qg6 Qxb6 44. Qxh6+ Kg8 45. Qg6+ Kf8 46. g4 Qb2+ 47. Kg3 Qb6 48. g5 Bd8 49. Qf5+ Kg8 50. Kg4 Qd6 51. h4 Qd4+ 52. Kh5 Qd6 53. Qe4 Qe7 54. Qg6+ Qg7 55. Qe6+ Qf7+ 56. Qg6+ Qg7 57. Qe8+ Qf8 58. Qxf8+ Kxf8 59. Kg6 Kg8 60. Kf5 Bc7 61. h5 Kg7 62. h6+ Kh7 63. Kf6 Bd8+ 64. Kf5 Bc7 65. Kf6 Bd8+ 66. Kf5 Bc7 1/2-1/2


[Site "https://www.chess.com"]